AoeStats
← Chlupinek

Arena

505289841Analyzed
4v4 RM · 22d ago on Sep 8, 2026· 38m 26s· 8 players
Game mode
Random Map
Map size
Large (8 player)
Population
200
Speed
Normal
Resources
Standard
Victory
Conquest
Starting age
Dark Age
Ending age
Imperial Age
RankedLock teamsTeams togetherTeam positionsShared explorationLock speedFull tech treeHidden civsTurbo modeCheats
Victory
Defeat
🇨🇿 Turks · Czechia
1588
+12
🇮🇹 Slavs · Italy
1561
+13
🇲🇽 Turks · Mexico
1505
+16
🇩🇪 Wei · Germany
1499
+16
🇪🇸 Malay · Spain
1630
-19
🇪🇸 Burgundians · Spain
1565
-16
🇪🇸 Teutons · Spain
1409
-11
1404
-11
ITA | GiaggiaZena
11:10 Feudal Age
14:45 Castle Age
13:13 Double-Bit Axe
13:11 Horse Collar
15:50 Bow Saw
22:47 Wheelbarrow
24:30 Gold Mining
27:44 Imperial Age
25:57 Scale Mail Armor
26:08 Stone Mining
25:56 Pikeman
26:37 Squires
27:23 Chain Mail Armor
28:32 Forging
29:09 Plate Mail Armor
28:09 Capped Ram
30:10 Iron Casting
29:31 Halberdier
30:57 Detinets
31:29 Man-at-Arms
32:10 Long Swordsman
34:20 Hand Cart
33:52 Loom
33:42 Two-Handed Swordsman
35:57 Blast Furnace
36:00 Fletching
37:20 Druzhina
37:46 Conscription
38:01 Siege Ram
[GDL] Perro del Mal
9:44 Feudal Age
15:02 Castle Age
13:36 Fletching
13:47 Loom
19:14 Double-Bit Axe
19:52 Horse Collar
22:16 Bow Saw
24:48 Gold Mining
27:03 Wheelbarrow
32:06 Imperial Age
30:23 Sanctity
31:39 Padded Archer Armor
33:25 Leather Archer Armor
34:31 Bloodlines
37:01 Scale Barding Armor
Chlupinek
11:50 Feudal Age
15:38 Castle Age
21:02 Imperial Age
19:03 Double-Bit Axe
29:39 Horse Collar
33:35 Bow Saw
33:26 Heavy Plow
33:48 Padded Archer Armor
36:25 Two-Man Saw
konstid
10:37 Feudal Age
14:31 Castle Age
12:23 Double-Bit Axe
12:47 Horse Collar
17:00 Bow Saw
21:35 Wheelbarrow
22:34 Heavy Plow
24:16 Bloodlines
25:47 Husbandry
25:57 Scale Barding Armor
26:03 Forging
26:38 Hand Cart
26:08 Loom
26:22 Gold Mining
26:23 Stone Mining
28:51 Chain Barding Armor
30:31 Iron Casting
32:50 Imperial Age
30:06 Town Watch
31:45 Tuntian
32:55 Heavy Hei Guang Cavalry
34:37 Blast Furnace
34:02 Conscription
34:53 Ming Guang Armor
36:53 Caravan
37:26 Coinage
38:46 Banking
CTM | Crawly94
7:11 Loom
9:24 Feudal Age
10:08 Double-Bit Axe
11:06 Fletching
23:56 Castle Age
22:20 Horse Collar
25:43 Bodkin Arrow
25:57 Gold Mining
27:07 Town Watch
30:44 Scale Mail Armor
30:50 Crossbowman
33:06 Padded Archer Armor
34:14 Ballistics
34:11 Stone Mining
34:56 Leather Archer Armor
37:09 Elite Skirmisher
Ux'Tycho0201
5:28 Double-Bit Axe
7:09 Loom
7:38 Horse Collar
11:35 Feudal Age
10:05 Loom
15:22 Castle Age
14:58 Scale Barding Armor
15:54 Forging
16:52 Chain Barding Armor
16:59 Cavalier
18:57 Bow Saw
19:23 Husbandry
21:03 Gold Mining
22:19 Forging
26:43 Wheelbarrow
25:54 Town Watch
28:00 Iron Casting
28:26 Heavy Plow
36:01 Imperial Age
35:36 Scale Mail Armor
35:27 Fletching
35:40 Padded Archer Armor
35:43 Pikeman
36:40 Chain Mail Armor
36:27 Paladin
37:49 Plate Barding Armor
38:16 Blast Furnace
37:45 Hand Cart
37:20 Loom
37:31 Fletching
37:24 Halberdier
38:41 Squires
Ux'DonChauron
10:58 Feudal Age
10:46 Loom
14:41 Castle Age
12:57 Horse Collar
13:46 Double-Bit Axe
15:40 Fletching
18:23 Crossbowman
19:56 Bodkin Arrow
21:52 Bow Saw
23:13 Town Watch
27:43 Wheelbarrow
29:18 Hand Cart
33:55 Imperial Age
33:27 Bracer
Izuru Alexandros RÆ
9:49 Feudal Age
15:20 Castle Age
13:20 Double-Bit Axe
14:16 Horse Collar
16:23 Wheelbarrow
20:50 Town Watch
29:39 Imperial Age
27:42 Hand Cart
27:30 Loom
27:56 Scale Barding Armor
27:49 Gold Mining
27:52 Stone Mining
28:36 Bloodlines
29:54 Bow Saw
29:21 Cavalier
30:36 Chain Barding Armor
31:00 Forging
31:53 Fletching
32:04 Padded Archer Armor
32:27 Ballistics
31:56 Elite Skirmisher
33:12 Savar
34:57 Plate Barding Armor
35:48 Two-Man Saw
36:21 Iron Casting
37:23 Chemistry
36:33 Bodkin Arrow
37:35 Heavy Plow
Connection lost

Rejoining the realm…

Still unreachable

The connection could not be restored.

Session expired

The server has moved on; the page needs a fresh start.